 Dungeon Crawl Stone Soup version 0.27.1-34-g3ba077fa99 (webtiles) character file.

Game seed: 415615830901074817

539 Gabide the Poker (level 7, -5/54 HPs)
             Began as a Human Monk on Jan 21, 2022.
             Slain by Menkaure (8 damage)
             ... on level 4 of the Dungeon.
             The game lasted 00:05:01 (4370 turns).

Gabide the Poker (Human Monk)                       Turns: 4370, Time: 00:05:01

Health: -5/54      AC:  6    Str: 12    XL:     7   Next: 51%
Magic:  7/7        EV: 14    Int: 16    God:
Gold:   172        SH:  0    Dex: 17    Spells: 6/6 levels left

rFire    . . .     SeeInvis .   a - +0 spear (freeze)
rCold    . . .     Faith    .   (no shield)
rNeg     . . .     Spirit   .   c - +3 leather armour {rPois}
rPois    +         Reflect  .   (no helmet)
rElec    .         Harm     .   (no cloak)
rCorr    .         Rampage  .   (no gloves)
Will     .....                  (no boots)
Stlth    ++........             (no amulet)
HPRegen  0.18/turn              d - +6 ring of intelligence
MPRegen  0.10/turn              (no ring)

@: no status effects
A: no striking features
a: no special abilities


You were on level 4 of the Dungeon.
You visited 1 branch of the dungeon, and saw 4 of its levels.

You collected 201 gold pieces.
You spent 29 gold pieces at shops.

Inventory:

Hand Weapons
 a - a +0 spear of freezing (weapon)
Armour
 c - a +3 leather armour of poison resistance (worn)
Jewellery
 d - a +6 ring of intelligence (left hand)
Scrolls
 e - a scroll of fog
 i - 2 scrolls of enchant armour
 j - a scroll of magic mapping
 k - a scroll of vulnerability
Potions
 g - a potion of lignification {unknown}
 h - 2 potions of magic {unknown}


   Skills:
 + Level 4.0 Fighting
 + Level 5.4 Polearms
 + Level 2.4 Armour
 * Level 4.7 Dodging
 + Level 3.2 Stealth
 + Level 0.4 Evocations


You had 6 spell levels left.
You didn't know any spells.
Your spell library contained the following spells:

 Spells                   Type           Power      Damage    Failure   Level
 Static Discharge         Conj/Air       0%         N/A       43%         2
 Conjure Flame            Conj/Fire      0%         6-21      67%         3
 Ignite Poison            Fire/Tmut/Pois 0%         N/A       67%         3
 Dispel Undead            Necr           0%         3d6       97%         4
 Sticky Flame             Conj/Fire      0%         2d3       97%         4


Dungeon Overview and Level Annotations

Branches:
Dungeon (4/15)
 Temple: D:4-7

Altars:
Dithmenos
Okawaru
Vehumet
Zin

Shops:
D:1 *

Annotations:
D:4 Menkaure


Message History

No target in view!
No target in view!
HP restored.
Found an Everburning Encyclopedia.
Found 12 gold pieces.
You pick up an Everburning Encyclopedia and begin reading...
You add the spells Conjure Flame and Ignite Poison to your library.
You now have 172 gold pieces (gained 12).
Menkaure, Prince of Dust comes into view.
Menkaure is nearby!
As you read the scroll labelled ITOUDOETIE, it crumbles to dust.
It is a scroll of brand weapon.
Your +0 spear is covered with a thin layer of ice!
a - a +0 spear of freezing (weapon)
Menkaure shouts!
Menkaure mumbles some strange words.
Menkaure seems to speed up.
You reach to attack!
You hit Menkaure but do no damage. You hit Menkaure but do no damage.
Menkaure hits you!
You hit Menkaure.
Menkaure is lightly damaged.
Menkaure hits you!
You feel better. Menkaure barely misses you.
You hit Menkaure.
Menkaure is lightly damaged.
Menkaure misses you. Menkaure hits you!
You are too injured to fight recklessly!
You feel better.
Menkaure shouts, "The curse of the Pharaohs be upon you!"
Menkaure calls on the powers of darkness!
Your body is wracked with pain!
You feel better. Menkaure hits you!!
* * * LOW HITPOINT WARNING * * *
Okay, then.
Menkaure hits you.
* * * LOW HITPOINT WARNING * * *
Menkaure mumbles, "It doesn't hurt if you pull your brain out of your nose yourself."
Menkaure hits you!
You die...

.......#..+,,,*,*,,+,,*,**#####.#
..........+,,*,*,,,+,,,,******#..
..........#≈≈**,*≈≈*,,,,,,,,,,...
..........#≈≈≈,,≈≈≈*,,,,,,,,,,...
........#.#≈≈≈≈≈≈≈≈*,,,,,****,,.#
........#.##########,,,,,,,,,,,..
...................#.#..,*,,,,,.#
...............M........,,,,,,,..
##............##@#.#.#.,,*,,,**##
#............##.#....,,,,,,,####
#...................#****,,,#...
*#..........#........#≈≈≈*,,,....
,###........#........#≈_≈*,,,....
,,..........#........#,,,*,,,....
,*###...#...#........#,≈,*,,,....
**,,###.....#........#,,,*,,,....
,,,,,,##..........####,≈,*,,,..,,


You could see Menkaure (fast).

Vanquished Creatures
  Grinder (D:4)
  A centaur (D:4)
  A phantom (D:4)
  A scorpion (D:4)
  An iguana (D:4)
  2 adders
  An adder zombie (D:2)
  3 adder skeletons (D:2)
  A worm (D:3)
  2 dart slugs
  An orc (D:3)
  3 ball pythons
  5 bat skeletons (D:2)
  9 endoplasms
  5 giant cockroaches
  4 goblins
  6 hobgoblins
  2 jackals (D:1)
  7 kobolds
  12 quokkas
  A ball python skeleton (D:2)
  3 bats
  A giant cockroach zombie (D:2)
  A jackal zombie (D:2)
  2 rats
76 creatures vanquished.

Notes
Turn   | Place    | Note
-------+----------+-------------------------------------------
     0 | D:1      | Gabide the Human Monk began the quest for the Orb.
     0 | D:1      | Reached XP level 1. HP: 18/18 MP: 1/1
   163 | D:1      | Reached XP level 2. HP: 24/24 MP: 2/2
   681 | D:1      | Reached XP level 3. HP: 29/29 MP: 3/3
  1058 | D:1      | Found Kuofext's Assorted Antiques.
  1060 | D:1      | Bought a scroll labelled LAJOUT ZOGALONK for 29 gold pieces
  1282 | D:2      | Found a shadowy altar of Dithmenos.
  1807 | D:2      | Reached XP level 4. HP: 35/35 MP: 4/4
  2762 | D:3      | Found an iron altar of Okawaru.
  2762 | D:3      | Found a glowing silver altar of Zin.
  2764 | D:3      | Found a radiant altar of Vehumet.
  2764 | D:3      | Found a shadowy altar of Dithmenos.
  3122 | D:3      | Found a faded altar of an unknown god.
  3336 | D:4      | Reached skill level 4 in Polearms
  3336 | D:4      | Reached skill level 1 in Armour
  3336 | D:4      | Reached XP level 5. HP: 21/41 MP: 5/5
  3439 | D:4      | Noticed a phantom
  3452 | D:4      | Killed a phantom
  3453 | D:4      | Reached XP level 6. HP: 21/47 MP: 6/6
  3897 | D:4      | Noticed Grinder
  3899 | D:4      | Paralysed by Grinder for 3 turns
  3903 | D:4      | Paralysed by Grinder for 3 turns
  3917 | D:4      | Killed Grinder
  3918 | D:4      | Reached skill level 5 in Polearms
  3918 | D:4      | Reached XP level 7. HP: 37/53 MP: 7/7
  4353 | D:4      | Noticed Menkaure
  4366 | D:4      | HP: 2/54 [Menkaure (5)]
  4370 | D:4      | Slain by Menkaure

Illustrated notes

Levels and vault maps discovered:
D:1:      dpeg_arrival_rooms_with_view, layout_loops_ring, serial_rivers,
          chequers_serial_rivers_micro_e, chequers_serial_rivers_micro_b,
          chequers_serial_rivers_small_b, chequers_serial_rivers_small_a,
          chequers_serial_rivers_room_b, chequers_serial_rivers_micro_b,
          serial_shops, shop
D:2:      layout_basic, basic_altar, serial_undead, serial_undead_d,
          serial_undead_a, serial_undead_a, serial_undead_d, serial_undead_d,
          serial_undead_c
D:3:      layout_basic, chequers_temple_overflow_statue_of_worship,
          shapermc_ecumenical_altar_mp_vishouse
D:4:      layout_basic, nicolae_ru_path_of_blood, portal_sewer_entry_f,
          minmay_misc_feat_iff, kennysheep_generic_room_4, uniq_grinder,
          uniq_menkaure

Skill      XL: |  1  2  3  4  5  6  7 |
---------------+----------------------+-----
Polearms       | 4 5 |  5.4
Armour         | 1 2 |  2.4
Dodging        | 4 |  4.7
Stealth        | 3 |  3.2
Fighting       | 4 |  4.0
Evocations     | |  0.4

Action                   |  1- 3 |  4- 6 |  7- 9 || total
-------------------------+-------+-------+-------++-------
Melee: Spear             |   182 |   147 |    48 ||   377
Evoke: Wand              |       |     5 |     1 ||     6
  Use: Scroll            |     3 |     4 |     1 ||     8
       Potion            |       |       |     3 ||     3
 Stab: Sleeping          |     7 |     7 |     1 ||    15
Armor: Leather armour    |    49 |    38 |    10 ||    97
Dodge: Dodged            |   101 |    86 |    27 ||   214
